[Event "Saint Louis Super Swiss 2023"]
[Site "Saint Louis"]
[Date "2023.03.13"]
[Round "3.10"]
[White "Malicka, Maria"]
[Black "Stearman, Josiah"]
[Result "1/2-1/2"]
[ECO "C99"]
[WhiteElo "2256"]
[BlackElo "2391"]
[Annotator "TA"]
[PlyCount "143"]
[EventDate "2023.03.12"]
[EventType "swiss"]
[EventCountry "USA"]
[SourceTitle "playchess.com"]
[Source "ChessBase"]
[SourceQuality "1"]
[TimeControl "5400+30"]

1. e4 e5 2. Nf3 Nc6 3. Bb5 a6 4. Ba4 Nf6 5. O-O Be7 6. Re1 b5 7. Bb3 O-O 8. c3 d6 9. h3 Na5 10. Bc2 c5 11. d4 Qc7 12. Nbd2 cxd4 13. cxd4 Nc6 14. d5 Nb4 15. Bb1 a5 16. a3 Na6 17. Nf1 {[%emt 0:00:07] C99: Closed Ruy Lopez: Chigorin Defence: 11 d4 Qc7 12 Nbd2 cxd4.} Nc5 18. Ng3 Bd7 19. Bd2 Qb6 20. Bc2 b4 21. Be3 Rfc8 22. Nd2 a4 {[%emt 0:03:59] [#]} 23. Bd3 $146 ({Predecessor:} 23. Rc1 bxa3 24. bxa3 Qb2 25. Nc4 Qb5 26. Bxc5 Rxc5 27. Bd3 Qb3 28. Qd2 Qb7 29. Rb1 Qc7 30. Nb6 {1-0 Daulyte Cornette,D (2334)-Kalnins,K (2254) Tartu U26 26th rapid 2010 (4)}) 23... Qb8 (23... Rab8 $15) 24. Bf1 $11 Bd8 25. Rc1 Ne8 26. Bxc5 dxc5 27. Nc4 Bg5 28. Rc2 g6 29. d6 Bf6 30. Qf3 Rc6 ({Black should try} 30... Rd8 $15) 31. Rd1 $14 Qd8 32. Rcd2 Rb8 33. Rd5 $1 Be6 {[%emt 0:03:35] [#]} (33... bxa3 $14 34. Qxa3 Be6) 34. d7 $1 $18 Nc7 {[%emt 0:00:11] [#]} 35. Nxe5 {[%emt 0:00:24] White has more active pieces. The black rooks are badly placed.} (35. Na5 $142 $1 Rcb6 36. Rxc5 Bxd7 37. Nc6 Bxc6 38. Rxd8+ Bxd8 39. Bc4 (39. Rxe5 Bd7 $16)) 35... Bxe5 $16 {[%emt 0:01:54][%mdl 64] Remove Defender} 36. Rxe5 bxa3 (36... f6 $2 37. Rxe6 Nxe6 38. e5 $18) 37. Qxa3 (37. bxa3 $16 {[%cal Og3f5] Hoping for Nf5!} Bb3 38. Rd2) 37... Bb3 $1 $11 38. Rc1 c4 {[%emt 0:04:43][%mdl 1024] Black has compensation.} (38... Ne6 $5 39. Rd5 Rc7 $11) 39. Rc5 $36 {[%emt 0:02:11][%mdl 2048] White fights for an advantage.} Nb5 (39... Qxd7 $11 40. Bxc4 Ne6 41. Bxe6 Rxe6) 40. Qb4 $14 Na7 {[%emt 0:00:06] [#]} (40... Nd4 $14 41. Rxc6 Rxb4) 41. Re5 $1 $18 Re6 42. Rxe6 fxe6 43. Qd6 Rb6 44. Qd4 {[%emt 0:01:21][%cal Oe4e5] aiming for e5!} Rb7 45. Bxc4 Rxd7 46. Qc5 Qb8 47. Rc3 {[%emt 0:00:54][%cal Oc3b3] Black must now prevent Rxb3!} Rd1+ $2 (47... Qd6 {might work better.}) 48. Kh2 h5 (48... Bxc4 $142 49. Qxc4 Rd6 50. Qxa4 Rd8) 49. e5 (49. Bxb3 $142 axb3 50. Qg5) 49... Bxc4 50. Qxc4 Rd5 51. Qxa4 {[%emt 0:00:36] And now Qc2 would win.} Nb5 52. Rb3 (52. Qc2 Kh7 53. Rf3) 52... Qxe5 53. Qe4 ({Better is} 53. Qa8+ $18 Kg7 54. Qe8) 53... Kg7 $16 54. Re3 Qxe4 55. Nxe4 {[%emt 0:00:07][%mdl 4096] Endgame KRN-KRN} Nd4 56. Nc3 {[%emt 0:00:39] Dodges Rb5} Rd6 57. Kg1 Rb6 58. Rd3 (58. Re4 $5 Nb3 59. Na4 $16) 58... e5 59. Rd2 Kf7 60. f3 Ke6 61. Kf2 Nb3 62. Rd8 Nc5 63. Nd1 Rb3 64. Ke2 Kf6 65. Rd6+ Ne6 66. Kf2 (66. Ra6 $5 ) 66... Ke7 67. Rd5 Kf6 68. Rd6 Ke7 69. Rd5 Kf6 70. Rd2 Nf4 71. Nc3 Rxb2 {[%emt 0:02:26][%mdl 64] Decoy} 72. Ne4+ {[%emt 0:00:03][%mdl 64] Decoy. Black defended with fortune. An exciting game.   Weighted Error Value: White=0.41/Black=0.29 (precise)} (72. Rxb2 $5 Nd3+ $8 73. Kf1 Nxb2 74. Ne4+ Ke6 75. h4 $11) 1/2-1/2

[Event "Saint Louis Super Swiss 2023"]
[Site "Saint Louis"]
[Date "2023.03.14"]
[Round "4.1"]
[White "Corrales Jimenez, Fidel"]
[Black "Theodorou, Nikolas"]
[Result "0-1"]
[ECO "E20"]
[WhiteElo "2489"]
[BlackElo "2584"]
[Annotator "TA"]
[PlyCount "47"]
[EventDate "2023.03.12"]
[EventType "swiss"]
[EventCountry "USA"]
[SourceTitle "playchess.com"]
[Source "ChessBase"]
[SourceQuality "1"]
[TimeControl "5400+30"]

1. d4 Nf6 2. c4 e6 3. Nc3 Bb4 4. f3 c5 5. d5 {[%emt 0:00:56] [#]} b5 $1 6. e4 {[%emt 0:01:20] E20: Nimzo-Indian: 4 g3 and 4 f3.} d6 {[%emt 0:02:51] The modern move.} 7. a3 Ba5 8. dxe6 {[%emt 0:03:52] The position is equal.} Bxe6 9. Bf4 bxc4 {[%emt 0:08:40] [#]} (9... O-O $5) 10. Bxc4 $146 ({Predecessor:} 10. Qxd6 Qb6 11. Qxb6 axb6 12. Nge2 Nc6 {½-½ Walther,J (2210)-Steenbekkers,F (2290) LAT MT-Strelis email 2018}) 10... Bxc3+ $1 $15 11. bxc3 {[%emt 0:00:06] Strongly threatening Bxe6.} Bxc4 12. Qa4+ Nbd7 13. Qxc4 {[%emt 0:00:07] [#]} d5 $36 {[%emt 0:00:41][%mdl 2048] Black fights for an advantage.} 14. exd5 O-O 15. Ne2 Re8 {[%emt 0:02:21] Threatens to win with ...Nb6.} (15... Nb6 $5 16. Qa2 (16. Qxc5 Nfxd5 17. Qd4 Rc8 $15) 16... Nfxd5 $17) 16. Rd1 (16. d6 $11 {is more appropriate.}) 16... Nb6 17. Qxc5 ({Better is} 17. Qa2 $15) 17... Nfxd5 $17 {[%emt 0:01:11] White must now prevent ...Rc8.} 18. Bc1 (18. g3 $17 {was necessary.}) 18... Qf6 19. Rd2 (19. Rxd5 {was the crucial defense.} Rac8 20. Rf5 Rxc5 21. Rxf6 gxf6 22. Kf2) 19... Nxc3 $19 {[%emt 0:06:04] ...Rac8 would be deadly. A dynamic duo of knights.} ({Not} 19... Qxc3 20. Qxc3 Nxc3 21. Kf2 Rxe2+ 22. Rxe2 Nxe2 23. Kxe2 $11) 20. Rc2 Rac8 21. Qg5 Qd4 {[%emt 0:01:47] And now ...Qd1+ would win.} 22. Rxc3 Rxc3 23. Qd2 Qc4 (23... Qc5 $142 24. Kf1 Rc2 {[%mdl 64] Skewer}) 24. O-O {[%emt 0:00:37] Weighted Error Value: White=1.15/Black=0.29 (precise)} 0-1

[Event "Saint Louis Super Swiss 2023"]
[Site "Saint Louis"]
[Date "2023.03.14"]
[Round "4.2"]
[White "Moradiabadi, Elshan"]
[Black "Nyzhnyk, Illya"]
[Result "1/2-1/2"]
[ECO "B90"]
[WhiteElo "2507"]
[BlackElo "2654"]
[Annotator "TA"]
[PlyCount "38"]
[EventDate "2023.03.12"]
[EventType "swiss"]
[EventCountry "USA"]
[SourceTitle "playchess.com"]
[Source "ChessBase"]
[SourceQuality "1"]
[TimeControl "5400+30"]

1. e4 c5 2. Nf3 d6 3. d4 cxd4 4. Nxd4 Nf6 5. Nc3 a6 6. Rg1 e5 7. Nb3 Be6 {[%emt 0:00:18] The position is equal.} 8. g4 {[%emt 0:00:05] B90: Sicilian Najdorf: Unusual White 6th moves, 6 Be3 Ng4 and 6 Be3 e5.} d5 9. exd5 Nxd5 10. Nxd5 Qxd5 11. Qxd5 Bxd5 12. Be3 Nc6 13. O-O-O {[%emt 0:00:02] [#] A rather calm draw.   Weighted Error Value: White=0.00 (flawless) /Black=0.08 (flawless)} {Predecessor:} O-O-O $146 14. Bb6 Rd6 15. Rg3 Be6 16. Bg2 Rxd1+ 17. Kxd1 Be7 18. Nc5 Bxc5 19. Bxc5 Kc7 {½-½ Fedoseev,V (2704)-Grandelius,N (2663) Chess.com Rapid Wk6 Swiss 2022 (9)} 1/2-1/2

[Event "Saint Louis Super Swiss 2023"]
[Site "Saint Louis"]
[Date "2023.03.14"]
[Round "4.3"]
[White "Bruzon Batista, Lazaro"]
[Black "Dudin, Gleb"]
[Result "1-0"]
[ECO "A07"]
[WhiteElo "2610"]
[BlackElo "2469"]
[Annotator "TA"]
[PlyCount "87"]
[EventDate "2023.03.12"]
[EventType "swiss"]
[EventCountry "USA"]
[SourceTitle "playchess.com"]
[Source "ChessBase"]
[SourceQuality "1"]
[TimeControl "5400+30"]

1. Nf3 d5 2. g3 Bg4 3. Bg2 c6 4. O-O e6 5. h3 Bh5 {[%emt 0:00:36] [#]} 6. c4 $1 {[%emt 0:01:55] A07: Réti Opening: New York and Capablanca Systems.} Nf6 7. d3 Bd6 8. Be3 $5 {[%emt 0:19:03][%mdl 4] [#] The position is equal. Leaves trodden paths.} O-O $146 ({Predecessor:} 8... Nbd7 9. Qc2 O-O 10. a3 e5 11. Nh4 d4 12. Bc1 Re8 13. b4 a5 14. c5 Bf8 15. Ra2 Nd5 16. Rb2 axb4 17. axb4 {0-1 Kadletz,K (2007)-Todor,R (2167) Niederoesterreich Landesliga 0910 2009 (1)}) 9. Qb3 Qe7 10. Nc3 Na6 11. d4 Rac8 12. Rac1 (12. c5 $5 Bb8 13. Bg5 $14) 12... h6 13. Ne5 Nc5 {[%emt 0:14:08][%mdl 64] Deflection} 14. Qd1 Ncd7 15. f4 dxc4 16. Nxc4 Bb4 17. Bf2 Rfd8 18. a3 Bxc3 19. Rxc3 Nd5 20. Rd3 c5 21. dxc5 Nxc5 22. Rd4 b5 (22... f5 $11) 23. Nd2 (23. Na5 $16) 23... f6 24. Re1 Bf7 25. Nb3 {[%emt 0:00:47] Threatens to win with Nxc5.} Na4 26. Rd2 Ndb6 {[%emt 0:01:51] [#]} 27. Nd4 (27. Rxd8+ $1 $16 Qxd8 28. Qxd8+ Rxd8 29. Nd4) 27... Qe8 $11 {[%emt 0:00:23] Strongly threatening ...Nc4.} 28. Bb7 Nc4 29. Bxc8 Rxc8 30. Rc2 {[%emt 0:00:23] aiming for b3.} Naxb2 31. Qb1 e5 32. fxe5 Bg6 $2 {[%emt 0:00:30] This costs Black the game.} (32... fxe5 $11 {and Black stays safe.} 33. Nf5 Bg6) 33. exf6 $1 $18 Rd8 {[%emt 0:00:30] [#]} (33... Qd7 $142 34. fxg7 (34. e4 Nd3 $16) 34... Be4) 34. Qc1 $1 Rxd4 (34... Bxc2 35. Qxc2) 35. Rxb2 Rd5 36. Rb3 Rf5 $2 (36... Be4 37. fxg7 (37. Bxa7 Qd7 $15) 37... Kxg7) 37. fxg7 ({Not} 37. Bxa7 Qd7 38. Bf2 Rxf6 $18) 37... Qe4 38. Rf3 Kxg7 39. Qc3+ Kh7 40. Rxf5 Bxf5 41. g4 ({Much less strong is} 41. Bxa7 Bxh3 42. Qf3 Bf5 $18) 41... Bg6 42. Qf6 {[%emt 0:00:54] White threatens Bd4 and mate.} Ne5 (42... Ne3 $18 43. Qf3 Nc2) 43. Rc1 Bf7 44. Rc8 {[%emt 0:00:21] Weighted Error Value: White=0.20 (precise) /Black=0.54} 1-0

[Event "Saint Louis Super Swiss 2023"]
[Site "Saint Louis"]
[Date "2023.03.16"]
[Round "4.4"]
[White "Quesada Perez, Yasser"]
[Black "Grabinsky, Aaron"]
[Result "1-0"]
[ECO "B15"]
[WhiteElo "2604"]
[BlackElo "2405"]
[Annotator "TA"]
[PlyCount "113"]
[EventDate "2023.03.12"]
[EventType "swiss"]
[EventCountry "USA"]
[TimeControl "5400+30"]

1. e4 c6 2. d4 d5 3. Nc3 g6 4. h3 dxe4 5. Nxe4 Bg7 6. Nf3 Nf6 7. Nxf6+ exf6 8. Bc4 {[%emt 0:00:36] The main line 8.Bc4 scores better than 8.Bd3.} O-O 9. O-O Nd7 10. Bb3 {[%emt 0:01:48] B15: Caro-Kann: 3 Nc3: 3...g6 and 3...dxe4 4 Nxe4 Nf6 5 Nxf6+ exf6.} Re8 11. Be3 Nb6 12. c4 {[%emt 0:00:05] [#] The position is equal.} Be6 $146 ({Predecessor:} 12... Bf5 13. a4 a5 14. d5 cxd5 15. cxd5 Bf8 16. Nd4 Bd7 17. Qf3 Nc8 18. Rad1 Nd6 {½-½ Foygel,I (2310)-Godes,D URS-ch47 Otborchny 1979}) 13. Rc1 Qd7 14. a4 Rad8 ({Better is} 14... Bf8 $14) 15. a5 $16 Nc8 16. Ba4 ({White should play} 16. d5 $16 cxd5 17. Ba4) 16... b5 $11 17. axb6 $1 Nxb6 18. Bb3 Bf8 19. d5 Bxh3 20. Qd4 ({White should try} 20. Nd4 $11 cxd5 21. gxh3) 20... c5 (20... cxd5 $1 $15 21. Qxf6 (21. gxh3 Re4 $17) 21... Qg4) 21. Qh4 (21. Qxf6 $5 Bxg2 {[%mdl 64] Decoy} 22. Kxg2 Qg4+ 23. Kh1 Qh3+ 24. Kg1 Qg4+ 25. Kh1 Qh3+ 26. Kg1 Qg4+ 27. Kh1 $11) 21... Bg4 22. Nh2 (22. Qxf6 $11 Bg7 23. Qh4) 22... Be2 (22... Bf5 $5) 23. Rfe1 g5 24. Qg3 Bh5 (24... Bd6 $5 25. f4 Bh5 $15) 25. f4 h6 26. Qf2 Qc8 27. Ba2 (27. Nf1 $5 ) 27... Bg6 28. b3 Bd6 29. Bb1 Bxb1 30. Rxb1 Re4 31. Qf3 Rde8 32. Ng4 (32. fxg5 {is more complex.} Bxh2+ 33. Kxh2 fxg5 34. Bf2) 32... Kg7 33. Nxf6 {[%emt 0:03:31][%cal Bg4f6,Bf6h5,Bh5g7,Bg7f5][%mdl 96] Double Attack} (33. Qh3 h5 34. Nxf6 (34. Qxh5 $2 Rh8 $19) 34... Kxf6 $17) 33... Rxe3 $4 {[%emt 0:04:29][%mdl 8192] [#] Black is now going downhill.} (33... Kxf6 $11 {and Black has nothing to worry.} 34. fxg5+ Kg7) 34. Nh5+ $1 $18 Kg6 35. f5+ {[%emt 0:00:26][%mdl 64] Decoy} (35. Rxe3 Rxe3 36. Qxe3 Qf5 $11) 35... Qxf5 36. Qxf5+ (36. Rxe3 $2 Qxb1+ 37. Kf2 Rxe3 38. Qxe3 Kxh5 $19) 36... Kxf5 37. Ng7+ Ke4 38. Rxe3+ Kxe3 39. Re1+ Kd2 40. Rxe8 {[%emt 0:00:05][%mdl 4096] [#] Endgame Black must now prevent Nf5. KRN-KBN} f6 (40... Bf4 $142 41. Nh5 Bc7) 41. Nf5 Be5 42. Re7 Kc3 43. Rxa7 (43. Nxh6 Nc8 44. Re6 Kxb3 $18) 43... Kxb3 44. Rb7 (44. Nxh6 Kxc4 45. d6 Bxd6 $11) 44... Kxc4 45. Rxb6 {[%emt 0:00:04] Strongly threatening d6.} Kxd5 46. Kf2 h5 47. Rb1 Ke4 48. Ne7 c4 $2 (48... Bd4+ 49. Ke2 h4) 49. Ke2 {[%emt 0:00:30] White is clearly winning.} Bf4 50. Nc6 h4 51. Rd1 c3 52. Rd4+ Kf5 {[%emt 0:00:06] aiming for ...c2.} 53. Rc4 Bd2 54. Na7 g4 55. Nb5 h3 56. gxh3 (56. Nxc3 h2 57. Ne4 (57. Kxd2 $2 h1=Q $19) 57... Be1 $11 {[%mdl 64] Decoy}) 56... gxh3 57. Kf3 {[%emt 0:13:56] Weighted Error Value: White=0.21 (precise) /Black=0.52} ({Inferior is} 57. Nxc3 h2 58. Rh4 (58. Kxd2 $2 {perishes.} h1=Q $19) 58... Bxc3 $11) 1-0

[Event "Saint Louis Super Swiss 2023"]
[Site "Saint Louis"]
[Date "2023.03.14"]
[Round "4.6"]
[White "Yoo, Christopher Woojin"]
[Black "Sukandar, Irine Kharisma"]
[Result "1-0"]
[ECO "B50"]
[WhiteElo "2591"]
[BlackElo "2389"]
[Annotator "TA"]
[PlyCount "69"]
[EventDate "2023.03.12"]
[EventType "swiss"]
[EventCountry "USA"]
[SourceTitle "playchess.com"]
[Source "ChessBase"]
[SourceQuality "1"]
[TimeControl "5400+30"]

1. e4 c5 2. Nf3 e6 3. b3 d6 4. Bb5+ Nd7 5. O-O a6 6. Bxd7+ {[%emt 0:00:10] B50: Sicilian: 2...d6, Miscellaneous.} Bxd7 7. Bb2 Nf6 8. e5 {[%emt 0:01:25] The position is equal.} dxe5 9. Nxe5 {[%emt 0:00:08] [#]} Bd6 $146 ({Predecessor:} 9... Be7 10. Nxd7 Qxd7 11. d3 O-O 12. Qf3 Rfd8 13. Nc3 Rac8 14. Qg3 Qc7 15. f4 Bf8 {0-1 Rivero Gil,C (1195)-Gonzalez Lopez,L (1612) ESP-ch U10 Salobrena 2022 (2)}) 10. d3 Bxe5 11. Bxe5 Bc6 12. Qe2 h5 (12... Nd5 $11) 13. Nd2 $14 Qd5 14. f4 Ng4 15. Nc4 {[%emt 0:03:03] aiming for Nb6.} ({Reject} 15. Bxg7 Rg8 16. Bb2 Nxh2 $11) (15. c4 Qd7 $11) 15... Nxe5 16. fxe5 {[%emt 0:04:23] Nd6+ would be deadly.} Ke7 17. Rf4 {[%emt 0:05:19] Black must now prevent Nb6.} ({Of course not} 17. Qf2 $6 Qd4 $11) 17... Raf8 18. Re1 (18. Rd1 {looks sharper.} f5 19. d4 g5 20. Rf2) 18... Rh6 (18... f5 $16) 19. Ne3 (19. Qf2 $1 $18 {has better winning chances.}) 19... Qd7 20. Qf2 {[%emt 0:10:18] And now Nc4 would win. White is more active.} f5 21. Nc4 Qd5 $2 {[%emt 0:04:49] [#] Black cannot hold the game after this.} (21... Kf7 $16 {keeps fighting.}) 22. Qg3 $1 $18 Rg8 {[%emt 0:07:05] [#]} 23. Qg5+ $1 ({Stronger than} 23. Nb6 Qd8 24. Qg5+ Ke8 25. Qxd8+ Kxd8 $11) 23... Ke8 24. Nd6+ Kd7 25. Re3 Kc7 26. c4 {[%emt 0:02:36][%mdl 64] Trapped Piece} Qxg2+ 27. Qxg2 Bxg2 28. Kxg2 g5 29. Rf1 h4 {[%emt 0:01:40] [#]} 30. b4 $1 {[%emt 0:02:03][%mdl 64] Deflection} cxb4 (30... h3+ 31. Rxh3) 31. d4 g4 (31... h3+ $142 32. Kf2 Rh4) 32. d5 {[%emt 0:00:22] White is clearly winning.} Kd7 33. Nxb7 Ke7 (33... Rc8 $142 34. Nd6 Rc5 35. dxe6+ {[%mdl 64] Remove Defender} Rxe6 36. Rxf5 Kc7) 34. d6+ Kd7 35. Nc5+ {[%emt 0:00:15] Weighted Error Value: White=0.13 (very precise) /Black=0.45} 1-0

[Event "Saint Louis Super Swiss 2023"]
[Site "Saint Louis"]
[Date "2023.03.16"]
[Round "4.7"]
[White "Escalante Ramirez, Brian Sebasti"]
[Black "Jacobson, Brandon"]
[Result "1/2-1/2"]
[ECO "B53"]
[WhiteElo "2474"]
[BlackElo "2543"]
[Annotator "TA"]
[PlyCount "124"]
[EventDate "2023.03.12"]
[EventType "swiss"]
[EventCountry "USA"]
[TimeControl "5400+30"]

1. e4 c5 2. Nf3 d6 3. d4 cxd4 4. Qxd4 Nf6 5. Nc3 Nc6 6. Qd3 {[%emt 0:00:02] B53: Sicilian: 2...d6: Lines with Qxd4.} g6 7. Nd5 Bg7 8. c3 O-O 9. Be2 Nd7 10. O-O e6 11. Ne3 Nc5 12. Qc2 f5 13. exf5 gxf5 14. Rd1 {[%emt 0:00:02] [#]} Qc7 $146 ({Predecessor:} 14... f4 15. Nc4 d5 16. b4 Ne4 17. Bb2 Qc7 18. b5 Ne7 19. Bd3 e5 20. Re1 Ng6 21. Bxe4 dxe4 22. Qxe4 {½-½ Gubanov,O (2266)-Baburin,A (2399) Enniscrone Sligo Spring op 2023 (2)}) 15. Nf1 Kh8 16. Ng5 h6 17. Nf3 Qe7 (17... d5 $11) 18. Ng3 $16 f4 {[%emt 0:03:17] [#]} (18... d5 $14) 19. Nh5 $1 e5 20. Qg6 {[%emt 0:01:15][%cal Ob2b4] Hoping for b4! White is more active.} Bf5 21. Qxg7+ (21. Qxd6 $6 Qxd6 22. Rxd6 Rad8 23. Rxd8 Rxd8 $14) (21. Nh4 $1 $18 Bxg6 22. Nxg6+ Kh7 23. Nxe7 Nxe7 24. Rxd6) 21... Qxg7 $14 22. Nxg7 Kxg7 23. Rxd6 Rad8 24. Rxd8 Rxd8 25. b3 Bg4 26. Kf1 Nd3 27. Ne1 Bxe2+ 28. Kxe2 Nxe1 29. Kxe1 $16 {[%emt 0:00:09][%mdl 4096] Endgame KRB-KRN} Kf6 30. Bb2 Kf5 31. Rd1 Rxd1+ 32. Kxd1 {[%emt 0:06:15] KB-KN} e4 33. c4 (33. Bc1 $18) 33... h5 34. Kd2 Ne7 35. b4 Ng6 {[%emt 0:00:22] [#]} 36. g3 {[%emt 0:00:17] Prevents Nh4.} e3+ (36... h4 $16 {was worth a try.}) 37. fxe3 $18 fxg3 38. hxg3 Kg4 39. Kd3 $2 ({White should try} 39. c5 $18) 39... Kxg3 $11 {[%emt 0:00:30] White must now prevent ...h4. The position is equal.} 40. Ke4 {[%emt 0:00:01] Strongly threatening c5.} Kf2 {[%emt 0:01:22] And now ...h4 would win.} (40... h4 41. Kf5 Nf8 42. Be5+ Kf2 43. e4 $16) 41. Bd4 h4 42. Bxa7 Ne5 $1 {[%emt 0:00:03][%mdl 64] Promotion} 43. Bb8 $1 (43. Kxe5 $2 {is the wrong capture.} h3 44. e4+ Kf3 $19) 43... Nxc4 {[%emt 0:00:03][%cal Ob7b5] ...b5! would be deadly.} 44. a4 h3 45. a5 {[%emt 0:01:20] aiming for Kd3.} Nd2+ $1 46. Kd3 Nf1 47. b5 $1 Ng3 $1 (47... Nxe3 $2 48. a6 bxa6 49. b6 $18) 48. a6 bxa6 49. b6 h2 50. Bxg3+ Kxg3 {[%emt 0:00:03] KPP-KPP} 51. b7 h1=Q 52. b8=Q+ {[%emt 0:00:06] KQ-KQ} (52. b8=B+ Kf2 53. Be5 Qd1+ 54. Ke4 Qf3+ 55. Kd4 Qxe3+ 56. Kd5 Qd3+ 57. Ke6 Kf3 58. Bh2 Ke4 59. Bc7 Qc3 60. Bh2 Qh3+ 61. Kd6 Qxh2+ 62. Kc6 Qb8 63. Kd7 Kd5 64. Ke7 Qf4 65. Kd8 Kd6 66. Ke8 Qf5 67. Kd8 Qf8#) 52... Kg4 53. Qb4+ Kf5 54. Qa5+ Kg4 55. e4 (55. Qxa6 {leads to mate.} Qf1+ 56. Ke4 Qxa6 57. Kd5 Kf3 58. Ke5 Kxe3 59. Kd5 Qf6 60. Kc5 Ke4 61. Kc4 Qd4+ 62. Kb3 Kd3 63. Ka2 Kc3 64. Ka1 Kc2+ 65. Ka2 Qb2#) 55... Qb1+ 56. Kd4 Qb2+ 57. Kc4 Qb5+ 58. Qxb5 axb5+ 59. Kd4 b4 60. e5 {[%emt 0:00:09] White threatens e6 and mate.} b3 {[%emt 0:00:05] ( -> ...b2)} 61. Kc3 {[%emt 0:00:03][%cal Oe5e6] e6! would kill now.} Kf5 62. Kxb3 Kxe5 {[%emt 0:00:02] Weighted Error Value: White=0.09 (flawless) /Black=0.09 (flawless)} 1/2-1/2

[Event "Saint Louis Super Swiss 2023"]
[Site "Saint Louis"]
[Date "2023.03.14"]
[Round "4.8"]
[White "Daggupati, Balaji"]
[Black "Lee, Alice"]
[Result "1-0"]
[ECO "B12"]
[WhiteElo "2513"]
[BlackElo "2362"]
[Annotator "TA"]
[PlyCount "97"]
[EventDate "2023.03.12"]
[EventType "swiss"]
[EventCountry "USA"]
[SourceTitle "playchess.com"]
[Source "ChessBase"]
[SourceQuality "1"]
[TimeControl "5400+30"]

1. e4 c6 2. d4 d5 3. e5 Bf5 4. c4 e6 5. Nc3 dxc4 6. Bxc4 Nd7 7. Nge2 Ne7 {[%emt 0:04:18] B12: Caro-Kann: Advance Variation.} 8. O-O {[%emt 0:09:31] 8.Ng3 is the fancy move.} Bg6 {[%emt 0:02:31] [#]} 9. Bb3 $146 ({Predecessor:} 9. Bg5 Qc7 10. Ng3 Nf5 11. Nge4 h6 12. Bf4 Be7 13. Nd6+ Nxd6 14. exd6 Bxd6 15. Bxd6 Qxd6 {0-1 Rangel,D (2207)-Jaferian,K (2227) Titled Tuesday intern op 01st Mar Early blitz 2022 (4)}) 9... Nf5 (9... Nb6 $11 {keeps the balance.}) 10. Ne4 ({White has to play} 10. g4 $1 $16 Nh4 11. Ng3) 10... Be7 11. Bc2 O-O 12. N4g3 Nxg3 13. Nxg3 Rc8 14. Be3 Qa5 15. a3 Rfd8 16. b4 Qa6 (16... Bxc2 $11 {is superior.} 17. Qxc2 Qb5) 17. f4 {[%emt 0:03:56] Threatens to win with f5.} Bxc2 18. Qxc2 g6 19. Ne4 (19. f5 $5) 19... Nb6 20. Bf2 Qc4 21. Qd1 Qd5 22. Nc3 Qd7 23. Ne4 Nd5 (23... Ra8 $5 ) 24. Qf3 {[%emt 0:01:27] [#]} a5 25. bxa5 $11 Ra8 26. Be1 Nc7 27. Rd1 Nb5 ({Black should try} 27... h5 $14) 28. Bb4 $1 $16 {[%emt 0:01:01] aiming for Qh3.} Kg7 {[%emt 0:01:34] Black is weak on the dark squares} 29. Qf2 Nxa3 $2 {[%emt 0:03:58] [#]} (29... Bxb4 $16 {was necessary.} 30. Nf6 (30. axb4 Qd5 $16) 30... Be1 31. Rfxe1 (31. Qxe1 Qe7 $14) 31... Qe7) 30. Nf6 $1 $18 Qc7 31. Bxe7 (31. Qh4 Bxb4 32. Qxh7+ (32. Nxh7 $2 Rh8 $19) 32... Kf8 $14) 31... Qxe7 32. Qh4 h6 33. Rd3 $40 {[%emt 0:02:07][%mdl 128] White is up to no good. White is more active.} (33. f5 $1 $16 {[%cal Rf5g6] fxg6 would be deadly.} exf5 34. Rxf5) 33... Rxa5 $2 {[%emt 0:01:10][%mdl 8192] [#]} ({Better is} 33... Nb5 $1 $14) 34. f5 $1 exf5 35. Rxf5 {[%emt 0:00:10][%cal Od3f3] Rdf3! is the strong threat.} (35. Rh3 Rh8 $11) 35... Nb5 {[%emt 0:03:01] [#]} (35... Nc2 $142 36. Rdf3 (36. Rh3 Rh8 $16) 36... Rxd4 37. Nh5+ {[%mdl 64] Discovered Attack} Kf8 38. Rxf7+ Qxf7 39. Rxf7+ Kxf7 40. Qf6+ {[%mdl 64] Deflection} Ke8 41. Ng7+ Kd7) 36. Nh5+ $1 {[%emt 0:03:20][%mdl 576] Discovered Attack} Kf8 {[%emt 0:00:05] [#]} 37. Rxf7+ $3 {[%emt 0:00:15][%mdl 576] Decoy} Kxf7 {[%emt 0:00:26] [#]} 38. e6+ $1 Ke8 (38... Kxe6 39. Re3+) 39. Nf6+ {[%emt 0:00:07][%mdl 64] Discovered Attack} Qxf6 40. Qxf6 Nd6 {[%emt 0:00:29] Wards off Qf7+} 41. Qh8+ Ke7 42. Qg7+ (42. Qxh6 Ra1+ 43. Kf2 Rf8+ 44. Rf3 Ra2+ 45. Ke1 Rxf3 46. gxf3 Ra1+ 47. Kd2 Ra2+ 48. Kc1 Ra3 49. Qg7+ (49. Qxg6 Rxf3 50. h4 Rf6 $18) 49... Kxe6 50. Qxg6+ Ke7 51. Qg5+ Kf7 $18) 42... Ke8 43. Qh8+ (43. Qxg6+ $142 Ke7 44. Qg7+ Kxe6 45. Re3+ Kd5 46. Qe5+ {[%mdl 64] Skewer} Kc4 47. Qxa5 Nb5 48. Qxd8) 43... Ke7 44. Qg7+ (44. Qh7+ $18 Kf6 45. Rf3+ Rf5 46. Qc7 (46. Qxh6 Rxf3 47. gxf3 Re8 $18)) 44... Ke8 $1 45. Qxg6+ {[%emt 0:00:43] White mates.} Ke7 46. Qg7+ Ke8 47. Rf3 Ra1+ 48. Kf2 Ne4+ 49. Ke2 {[%emt 0:00:20] A superb game by Daggupati.   Weighted Error Value: White=0.45/Black=0.50} 1-0